 Dungeon Crawl Stone Soup version 0.29-a0-344-ge2f44be95a (webtiles) character file.

Game seed: 12196969724696443063

133 Flugkiller the Skirmisher (level 4, -2/41 HPs)
             Began as a Palentonga Chaos Knight on Apr 22, 2022.
             Was a Plaything of Xom.
             Slain by a goblin
             ... wielding a +0 club
             ... led by Robin
              (4 damage)
             ... on level 4 of the Dungeon.
             The game lasted 00:01:33 (2395 turns).

Flugkiller the Skirmisher (Palentonga Chaos Knight) Turns: 2395, Time: 00:01:34

Health: -2/41      AC:  6    Str: 18    XL:     4   Next: 93%
Magic:  4/4        EV:  9    Int: 12    God:    Xom [.*....]
Gold:   182        SH:  0    Dex:  9    Spells: 3/3 levels left

rFire   . . .      SeeInvis +   a - +0 hand axe (chaos)
rCold   . . .      Faith    .   (no shield)
rNeg    . . .      Spirit   .   b - +2 leather armour
rPois   .          Reflect  .   (no helmet)
rElec   .          Harm     .   (no cloak)
rCorr   .          Rampage  .   (no gloves)
Will    .....                   (no barding)
Stlth   +.........              (no amulet)
HPRegen 0.13/turn               (no ring)
MPRegen 0.09/turn               (no ring)

@: no status effects
A: large, rugged brown scales 3, see invisible, deformed body, roll 1, armoured
tail
a: Rolling Charge, Renounce Religion


You were on level 4 of the Dungeon.
You worshipped Xom.
You were a plaything of Xom.
You visited 1 branch of the dungeon, and saw 4 of its levels.

You collected 182 gold pieces.

Inventory:

Hand Weapons
 a - a +0 hand axe of chaos (weapon)
Armour
 b - a +2 leather armour (worn)
Scrolls
 e - a scroll of torment {unknown}
 g - a scroll of magic mapping {unknown}
 j - a scroll of immolation {unknown}
 k - 2 scrolls of identify {unknown}
 l - 2 scrolls of enchant weapon {unknown}
 n - a scroll of amnesia {unknown}
 p - a scroll of holy word {unknown}
 r - a scroll of teleportation {unknown}
Potions
 d - a potion of heal wounds {unknown}
 f - a potion of flight {unknown}
 h - a potion of brilliance {unknown}
 i - a potion of cancellation
 m - 2 potions of curing {unknown}
 o - a potion of attraction {unknown}
 q - a potion of mutation {unknown}
Miscellaneous
 c - a piece from Xom's chessboard (15/15) (quivered)


   Skills:
 + Level 5.3 Fighting
 - Level 3.5 Axes
 - Level 1.5 Armour
 - Level 0.7 Dodging


You had 3 spell levels left.
You didn't know any spells.
Your spell library contained the following spells:

 Spells                   Type           Power      Damage    Failure   Level
 Freeze                   Ice            0%         1d3       36%         1
 Frozen Ramparts          Ice            0%         1d2       75%         3
 Gell's Gravitas          Tloc           0%         N/A       75%         3
 Lesser Beckoning         Tloc           0%         N/A       75%         3
 Mephitic Cloud           Conj/Pois/Air  0%         N/A       75%         3
 Teleport Other           Tloc           0%         N/A       75%         3
 Hailstorm                Conj/Ice       0%         3d3       98%         4
 Olgreb's Toxic Radiance  Pois           0%         N/A       98%         4
 Metabolic Englaciation   Hex/Ice        0%         N/A       100%        5


Dungeon Overview and Level Annotations

Branches:
Dungeon (4/15)
 Temple: D:4-7

Altars:

Annotations:
D:2 Crazy Yiuf
D:4 Robin


Innate Abilities, Weirdness & Mutations

You are completely covered in rugged brown scales. (AC +3, +7% HP)
You have supernaturally acute eyesight. (SInv)
Armour fits poorly on your strangely shaped body.
You can roll at nearby foes to attack.
You have a long armoured tail.


Message History

Robin throws the goblin at you! The adder barely misses you.
The goblin hits you but does no damage.
You hit the goblin. You burn the goblin.
You kill the goblin!
You hit the goblin.
You kill the goblin!
You closely miss the hobgoblin. You hit the adder but do no damage.
The adder looks as sick as possible!
The adder barely misses you.
Robin roars a battlecry!
The goblins go into a battle-frenzy!
The hobgoblin completely misses you. The adder bites you.
You slash the adder!
Space warps horribly around the adder!
You kill the adder!
You closely miss the hobgoblin. You closely miss the goblin.
You closely miss the orc wizard. You hit the hobgoblin but do no damage.
You hit the goblin. You freeze the goblin. The goblin hits you with a +0 club.
The orc wizard hits you with a +0 dagger.
The hobgoblin hits you. The orc wizard misses you.
The goblin closely misses you. The hobgoblin closely misses you.
You barely miss the goblin.
The goblin is severely wounded.
You closely miss the hobgoblin. You hit the orc wizard.
The orc wizard's magic leaks into the air.
The goblin hits you with a +0 club.
The orc wizard hits you with a +0 dagger.
The hobgoblin barely misses you.
You slash the goblin!
You kill the goblin!
You hit the orc wizard.
The orc wizard easily resists.
You hit the hobgoblin.
You feel better.
The hobgoblin hits you but does no damage.
Your Fighting skill increases to level 5!
You completely miss the hobgoblin.
The hobgoblin is almost dead.
You hit the orc but do no damage. You drain the orc.
You hit the orc wizard but do no damage.
The orc wizard hits you with a +0 dagger.
The orc hits you but does no damage.
The hobgoblin hits you but does no damage.
You hit the hobgoblin.
You kill the hobgoblin!
You hit the orc wizard. You freeze the orc wizard. You hit the orc.
The orc seems to grow stronger.
The orc wizard's magic is no longer disrupted.
The orc wizard barely misses you. The orc closely misses you.
You closely miss the orc wizard.
The orc wizard is heavily wounded.
You barely miss the orc. You hit Robin. Robin hits you but does no damage.
The orc wizard hits you but does no damage.
The orc barely misses you.
You barely miss the orc wizard.
The orc wizard is heavily wounded.
You hit the orc but do no damage.
The orc resists with some effort.
You barely miss Robin. Robin hits you but does no damage.
The orc wizard hits you but does no damage.
The orc barely misses you.
You hit the orc wizard.
The orc wizard's magic leaks into the air.
The orc wizard is almost dead.
You hit the orc but do no damage. You closely miss Robin.
Robin hits you but does no damage.
The orc wizard hits you with a +0 dagger.
The orc barely misses you.
You barely miss the orc wizard. You punch the orc wizard.
You kill the orc wizard!
You barely miss Robin. You hit the orc but do no damage.
The orc hits you but does no damage. Robin closely misses you.
The orc hits you with a +0 club. The goblin hits you with a +0 club.
You are too injured to fight recklessly!
You are too injured to fight recklessly!
The orc attacks as you move away! The orc hits you with a +0 club.
Robin attacks as you move away! Robin hits you but does no damage.
Robin throws the goblin at you!
* * * LOW HITPOINT WARNING * * *
The goblin hits you but does no damage. The goblin hits you with a +0 club.
* * * LOW HITPOINT WARNING * * *
You hit the orc but do no damage.
Your tail-slap misses the orc.
The orc is lightly wounded.
You hit the goblin.
Nothing appears to happen.
You closely miss the goblin. The goblin hits you with a +0 club.
* * * LOW HITPOINT WARNING * * *
The orc hits you but does no damage. The goblin barely misses you.
You hit the orc but do no damage.
The orc is poisoned.
The orc is lightly wounded.
You hit the goblin.
You kill the goblin!
You hit the goblin.
The goblin blinks!
Okay, then.
The goblin attacks as you move away! The goblin closely misses you.
The orc attacks as you move away! The orc closely misses you.
The goblin no longer looks unusually strong.
The hobgoblin no longer looks unusually strong.
The orc seems less drained.
It was a potion of cancellation.
You feel magically purged.
Xom thinks this is hilarious!
The orc hits you with a +0 club!
* * * LOW HITPOINT WARNING * * *
The goblin hits you with a +0 club.
You die...
Xom snickers!

#........
#........
#........
#........
#........
###g......#
#o.gg......
##o#).......
#@ggo.......
##.#o.......
#.......##.
#..######
#..# ...#
##.# .#


You could see Robin, 4 orcs, 2 hobgoblins and a goblin.

Vanquished Creatures
  An orc wizard (D:4)
  An adder (D:4)
  A gnoll (D:1)
  2 worms
  2 dart slugs (D:1)
  4 orcs (D:3)
  4 bats
  3 endoplasms
  A giant cockroach (D:2)
  8 goblins
  3 hobgoblins
  16 jackals
  5 quokkas
  3 ball pythons (D:1)
  3 frilled lizards
  7 kobolds
  2 rats
66 creatures vanquished.

Notes
Turn   | Place    | Note
-------+----------+-------------------------------------------
     0 | D:1      | Flugkiller the Palentonga Chaos Knight began the quest for
                  | the Orb.
     0 | D:1      | Reached XP level 1. HP: 19/19 MP: 1/1
   107 | D:1      | Found a faded altar of an unknown god.
   321 | D:1      | Reached XP level 2. HP: 25/25 MP: 2/2
   358 | D:1      | XOM: potion effect (curing)
   362 | D:1      | XOM: 2-stop teleportation journey
   432 | D:1      | Reached XP level 3. HP: 31/32 MP: 3/3
   901 | D:2      | Reached skill level 4 in Fighting
  1198 | D:2      | Found a runed translucent door.
  1199 | D:2      | Noticed Crazy Yiuf
  1314 | D:2      | XOM: summons 3 hostile shadow creatures
  1556 | D:3      | XOM: silly message
  1760 | D:3      | Reached XP level 4. HP: 32/40 MP: 4/4
  1850 | D:3      | XOM: 2-stop teleportation journey
  2005 | D:3      | Got the Catalogue of Congealing Venom
  2372 | D:4      | Noticed Robin
  2377 | D:4      | XOM: enchant monster (good)
  2385 | D:4      | Reached skill level 5 in Fighting
  2395 | D:4      | HP: 2/41 [orc/+0 club (7)]
  2395 | D:4      | Slain by a goblin

Illustrated notes

Levels and vault maps discovered:
D:1:      lemuel_arrival_behind_the_door_small, layout_loops_corners,
          dreamdust_ecumenical_altar_statues
D:2:      layout_loops_ring, uniq_crazy_yiuf_cottage
D:3:      layout_basic, st_stairs_6, mrwooster_statue_mirror,
          hangedman_glass_teeth
D:4:      layout_basic, uniq_blork_the_orc, uniq_grinder, uniq_robin

Skill      XL: |  1  2  3  4 |
---------------+-------------+-----
Fighting       | 4 5 |  5.3
Axes           | |  3.5
Armour         | |  1.5
Dodging        | |  0.7

Action                   |  1- 3 |  4- 6 || total
-------------------------+-------+-------++-------
Melee: Hand axe          |   121 |    41 ||   162
       Tailslap          |     8 |     5 ||    13
       Punch             |       |     1 ||     1
  Use: Potion            |       |     1 ||     1
 Stab: Paralysed         |       |     1 ||     1
Armor: Leather armour    |    75 |    33 ||   108
Dodge: Dodged            |    56 |    30 ||    86

Table legend: (Time is in decaauts)
 A = Elapsed time spent in this place.
 B = Non-inter-level travel time spent in this place.
 C = Inter-level travel time spent in this place.
 D = Time resting spent in this place.
 E = Time spent auto-exploring this place.
 F = Levels seen in this place.
 G = Mean time per level.
                   A        B        C        D        E       F      G
               +--------+--------+--------+--------+--------+-----+--------+
         Total |   2416 |   2298 |    118 |    325 |   1572 |   4 |  604.0 |
       Dungeon |   2416 |   2298 |    118 |    325 |   1572 |   4 |  604.0 |
               +--------+--------+--------+--------+--------+-----+--------+

Top non-repeatable levels by time:
     D:1: 891 daAuts
     D:3: 824 daAuts
     D:2: 675 daAuts
     D:4: 25 daAuts
